 Dungeon Crawl Stone Soup version 0.32-a0-918-g0f22ef8d61 (webtiles) character file.

Game seed: 10341262459497620539

3 Shayle the Apothecary (level 1, 0/13 HPs)
             Began as a Coglin Alchemist on Apr 10, 2024.
             Slain by a kobold
             ... wielding a +0 dagger
              (1 damage)
             ... on level 1 of the Dungeon.
             The game lasted 00:01:09 (125 turns).

Shayle the Apothecary (Coglin Alchemist)             Turns: 125, Time: 00:01:10

Health: 0/13       AC:  2    Str:  8    XL:     1   Next: 50%
Magic:  0/3        EV: 11    Int: 14    God:
Gold:   0          SH:  0    Dex: 14    Spells: 2/3 levels left

rFire   . . .        (no weapon)
rCold   . . .        (no shield)
rNeg    . . .        a - +0 robe
rPois   .            (no helmet)
rElec   .            (no cloak)
rCorr   .            (no gloves)
SInv    .            (no boots)
Will    .....        (amulet unavailable)
Stlth   ++           (ring unavailable)
HPRegen 0.22/turn    (ring unavailable)
MPRegen 0.08/turn    (no gizmo)

%: no passive effects
@: revved
A: off-hand wielding, slow wielding, warmup strikes, no jewellery
a: Invent Gizmo


You were on level 1 of the Dungeon.
You visited 1 branch of the dungeon, and saw 1 of its levels.

Inventory:

Armour
 a - a +0 robe (worn)


   Skills:
 + Level 0.2 Fighting
 + Level 1.8 Dodging
 - Level 1.5 Stealth
 + Level 1.8 Spellcasting
 + Level 1.0 Conjurations
 + Level 3.3 Alchemy


You had 2 spell levels left.
You knew the following spells:

 Your Spells              Type           Power      Damage    Failure   Level
a - Sting                 Conj/Alch      28%        1d4       10%         1

Your spell library contained the following spells:

 Spells                   Type           Power      Damage    Failure   Level
 Mercury Vapours          Alch/Air       10%        N/A       19%         2
 Mephitic Cloud           Conj/Alch/Air  5%         N/A       38%         3
 Olgreb's Toxic Radiance  Alch           10%        N/A       52%         4
 Sticky Flame             Fire/Alch      5%         2d4       77%         4


Dungeon Overview and Level Annotations

Branches:
Dungeon (1/15)

Altars:


Innate Abilities, Weirdness & Mutations

You can wield a second weapon in your off-hand.
It takes a long time for you to wield or remove held weapons.
Your first few attacks do less damage.
You cannot equip rings or amulets.


Message History

The quokka attacks as it pursues you! The quokka closely misses you.
The quokka attacks as it pursues you! The quokka misses you.
The quokka attacks as it pursues you! The quokka bites you.
Casting: Sting (safe; 10% risk of failure)
Confirm with . or Enter, or press ? or * to list all spells.
Aiming: Sting (safe; 10% risk of failure)
Press: ? - help, Shift-Dir - straight line, f/p - quokka
Aim: a quokka (56% to hit)
The sting misses the quokka.
The quokka barely misses you.
The goblin shouts!
The quokka attacks as it pursues you! The quokka misses you.
The quokka barely misses you. The quokka attacks as it pursues you!
The quokka barely misses you.
You aren't carrying any potions.
Unknown command.
You aren't carrying any scrolls.
You barely miss the quokka. The quokka bites you.
You closely miss the quokka. The quokka bites you.
* * * LOW HITPOINT WARNING * * *
You hit the quokka but do no damage. The quokka closely misses you.
You completely miss the quokka. The quokka closely misses you. x2
You hit the quokka but do no damage. The quokka bites you.
* * * LOW HITPOINT WARNING * * *
You closely miss the quokka. The quokka closely misses you.
You hit the quokka but do no damage. The quokka barely misses you.
Casting: Sting (safe; 10% risk of failure)
Confirm with . or Enter, or press ? or * to list all spells.
Aiming: Sting (safe; 10% risk of failure)
Press: ? - help, Shift-Dir - straight line, f/p - quokka
Aim: a quokka (56% to hit)
The sting hits the quokka.
The quokka is poisoned.
The quokka is moderately wounded.
The quokka closely misses you.
A rat comes into view.
The quokka barely misses you.
The kobold throws a stone.
The stone hits you.
* * * LOW HITPOINT WARNING * * *
The kobold hits you but does no damage.
You closely miss the kobold. The kobold hits you with a +0 dagger.
You die...

. #............#
######............#
§§.=.#............###
....<#..............
.§..>#..).........###
§....#...............
######...........#
.....#.........K.#
.......###.###.#@#
....##...#.###g#r#
....####.....g.#g#
....# ###...##g.#
....# #...g..#..#
....# #........r#
....# #..........
....# #.......#...
.#### #.#####.#####


You could see a quokka (poisoned), a hobgoblin, a goblin, a kobold and a rat
(wandering).

Vanquished Creatures
  A dart slug (D:1)
  A ball python (D:1)
2 creatures vanquished.

Notes
Turn   | Place    | Note
-------+----------+-------------------------------------------
     0 | D:1      | Shayle the Coglin Alchemist began the quest for the Orb.
     0 | D:1      | Reached XP level 1. HP: 13/13 MP: 3/3
    32 | D:1      | Reached skill level 1 in Conjurations
   125 | D:1      | Slain by a kobold

Illustrated notes

Levels and vault maps discovered:
D:1:      dpeg_arrival_fog, layout_basic, nrook_mini_vaults

Skill      XL: |  1 |
---------------+----+-----
Conjurations   | 1 |  1.0
Fighting       | |  0.2
Dodging        | |  1.8
Stealth        | |  1.5
Spellcasting   | |  1.8
Alchemy        | |  3.3

Action                     || total
---------------------------++-------
  Melee: Unarmed           ||     8
   Cast: Sting             ||    10
    Use: Potion            ||     1
 Armour: Robe              ||    19
  Dodge: Dodged            ||    19

Table legend: (Time is in decaauts)
 A = Elapsed time spent in this place.
 B = Non-inter-level travel time spent in this place.
 C = Inter-level travel time spent in this place.
 D = Time resting spent in this place.
 E = Time spent auto-exploring this place.
 F = Levels seen in this place.
 G = Mean time per level.
                   A        B        C        D        E       F      G
               +--------+--------+--------+--------+--------+-----+--------+
         Total |    125 |    125 |      0 |     49 |      9 |   1 |  125.0 |
       Dungeon |    125 |    125 |      0 |     49 |      9 |   1 |  125.0 |
               +--------+--------+--------+--------+--------+-----+--------+

Top non-repeatable levels by time:
     D:1: 125 daAuts
